 Dungeon Crawl Stone Soup version 0.29-a0-333-gb4c28e87c6 (webtiles) character file.

Game seed: 8468508399462390579

235 Dyamorph the Bolt Thrower (level 6, 0/45 (47) HPs)
             Began as a Formicid Hunter on Apr 13, 2022.
             Slain by an adder (2 damage)
             ... on level 5 of the Dungeon.
             The game lasted 00:05:54 (3861 turns).

Dyamorph the Bolt Thrower (Formicid Hunter)         Turns: 3861, Time: 00:05:55

HP:   0/45 (47)     AC:  3    Str: 18    XL:     6   Next: 27%
MP:   6/6           EV: 12    Int:  8    God:
Gold: 194           SH:  0    Dex: 14    Spells: 5/5 levels left

rFire   . . .      SeeInvis +   a - +1 hand crossbow
rCold   . . .      Faith    .   (no shield)
rNeg    . . .      Spirit   .   b - +0 leather armour
rPois   .          Reflect  .   (helmet unavailable)
rElec   .          Harm     .   (no cloak)
rCorr   .          Rampage  .   (no gloves)
Will    .....                   (no boots)
Stlth   +.........              (no amulet)
HPRegen 0.15/turn               (no ring)
MPRegen 0.10/turn               (no ring)

@: lightly drained
A: permanent stasis, dig shafts and tunnels, antennae 3, four strong arms
a: Dig, Shaft Self


You were on level 5 of the Dungeon.
You visited 1 branch of the dungeon, and saw 6 of its levels.

You collected 194 gold pieces.

Inventory:

Hand Weapons
 a - a +1 hand crossbow (weapon)
Missiles
 j - 2 atropa-tipped darts
Armour
 b - a +0 leather armour (worn)
Scrolls
 c - a scroll of immolation
 f - a scroll of teleportation
 h - a scroll of vulnerability {unknown}
 i - a scroll of magic mapping {unknown}
Potions
 k - 2 potions of flight
 l - a potion of cancellation {unknown}


   Skills:
 + Level 3.3 Fighting
 + Level 6.3 Crossbows
 + Level 1.8 Armour
 - Level 1.7 Dodging
 - Level 1.2 Stealth


You had 5 spell levels left.
You didn't know any spells.
Your spell library was empty.

Dungeon Overview and Level Annotations

Branches:
Dungeon (6/15)
 Temple: D:4-7

Altars:

Shops:
D:1 [

Annotations:
D:4 Pikel
D:5 Edmund


Innate Abilities, Weirdness & Mutations

You cannot be hasted, slowed, berserked, paralysed or teleported.
You can dig through walls and to a lower floor.
You have a pair of large antennae on your head. (SInv)
Your four strong arms can wield two-handed weapons with a shield.


Message History

The shaft crumbles and collapses.
Found a stone staircase leading down.
Edmund shouts!
The adder hisses angrily.
Edmund says, "I'm quite good with sums, too."
Found 11 gold pieces.
Found a worn gold wand.
There is a stone staircase leading down here.
You climb downwards.
Found 13 gold pieces.
There is a stone staircase leading up here.
A wraith is nearby!
A wraith is nearby!
You climb upwards.
Level annotation: Edmund The adder bites you.
* * * LOW HITPOINT WARNING * * *
The adder misses you.
There is a stone staircase leading down here.
Found a scroll labelled SEBLUC YWUWI.
The adder bites you.
* * * LOW HITPOINT WARNING * * *
The adder attacks as you move away! The adder bites you but does no damage.
Found a dagger.
Unknown command.
The adder bites you but does no damage. The adder bites you but does no damage.
You see here 11 gold pieces.
The adder attacks as you move away! The adder bites you.
* * * LOW HITPOINT WARNING * * *
The adder bites you but does no damage. The adder attacks as you move away!
The adder bites you but does no damage. The adder attacks as you move away!
The adder bites you but does no damage. The adder bites you but does no damage.
Non-targeted abil: Dig
Press: ? - help, Q - select action, (/) - cycle Dir - look around, f - activate You extend your mandibles.
Unknown command.
Unknown command.
You dig through the rock wall.
You feel drained. The adder attacks as you move away! The adder bites you.
You die...

................#
#?..........##
#...$########
#./..######
#.........#
#.....@...#
####......#
#....S.# #.....@#
#######.# ##


You could see Edmund and an adder.

Vanquished Creatures
  A jelly (D:4)
  Jessica (D:3)
  Natasha (D:4)
  Robin (D:2)
  6 adders
  2 worms (D:2)
  A dart slug (D:2)
  An orc (D:4)
  8 ball pythons
  2 endoplasms
  A giant cockroach (D:2)
  16 goblins
  9 hobgoblins
  6 jackals
  7 kobolds
  A quokka (D:2)
  5 bats
  2 frilled lizards
  6 rats
77 creatures vanquished.

Vanquished Creatures (others)
  33 plants (D:2)
33 creatures vanquished.

Grand Total: 110 creatures vanquished

Notes
Turn   | Place    | Note
-------+----------+-------------------------------------------
     0 | D:1      | Dyamorph the Formicid Hunter began the quest for the Orb.
     0 | D:1      | Reached XP level 1. HP: 16/16 MP: 1/1
     1 | D:1      | Noticed a vampire
     3 | D:1      | Noticed an octopode
     3 | D:1      | Noticed a minotaur
     5 | D:1      | Noticed a dwarf
    10 | D:1      | Noticed an ogre
    10 | D:1      | Noticed a troll
    12 | D:1      | Noticed a vampire
    12 | D:1      | Noticed a demonspawn
    14 | D:1      | Noticed a vine stalker
    14 | D:1      | Noticed a felid
    16 | D:1      | Noticed a ghoul
    16 | D:1      | Noticed a troll
    16 | D:1      | Noticed a troll
    18 | D:1      | Noticed a formicid
    20 | D:1      | Noticed a vine stalker
    62 | D:1      | Found Puoteytecum's Antique Armour Emporium.
   169 | D:1      | Reached XP level 2. HP: 22/22 MP: 2/2
   520 | D:1      | Reached XP level 3. HP: 27/27 MP: 3/3
  2165 | D:2      | Reached skill level 5 in Crossbows
  2253 | D:2      | Noticed Robin
  2256 | D:2      | Killed Robin
  2257 | D:2      | Reached skill level 1 in Armour
  2257 | D:2      | Reached XP level 4. HP: 34/34 MP: 4/4
  2526 | D:2      | Found a faded altar of an unknown god.
  2696 | D:2      | Reached XP level 5. HP: 39/39 MP: 5/5
  3214 | D:3      | Noticed Jessica
  3218 | D:3      | Killed Jessica
  3219 | D:3      | Reached skill level 6 in Crossbows
  3690 | D:4      | Noticed Natasha
  3696 | D:4      | Killed Natasha
  3697 | D:4      | Reached XP level 6. HP: 44/47 MP: 6/6
  3814 | D:4      | Noticed Pikel
  3838 | D:4      | HP: 2/47 [lemure[Pikel] (3)]
  3839 | D:4      | You fall into a shaft and drop 1 floor!
  3839 | D:5      | Entered Level 5 of the Dungeon
  3839 | D:5      | Noticed Edmund
  3846 | D:6      | Noticed a wraith
  3849 | D:5      | HP: 2/47 [adder (1)]
  3856 | D:5      | HP: 1/47 [adder (1)]
  3861 | D:5      | Slain by an adder

Illustrated notes

Levels and vault maps discovered:
D:1:      shiori_arrival_whats_in_store_for_you, layout_basic, serial_shops,
          shop
D:2:      layout_loops_cross, nicolae_ecumenical_snake_handling, serial_bayou,
          serial_bayou_pond_a, serial_bayou_pond_a, serial_bayou_pond_c,
          serial_bayou_pond_b, uniq_robin
D:3:      layout_rooms, uniq_jessica
D:4:      layout_loops_cross, kennysheep_mini_moat, nicolae_vehumet_altar_sigil,
          nrook_mini_vaults, uniq_crazy_yiuf_cottage, uniq_natasha, uniq_pikel
D:5:      layout_basic, nicolae_ru_the_path_less_chosen, ebering_ghost_sewer_d,
          minmay_lizard_king, uniq_edmund
D:6:      layout_basic, due_unseen_surprise, uniq_maggie

Skill      XL: |  1  2  3  4  5 |
---------------+----------------+-----
Crossbows      | 5 6 |  6.3
Armour         | 1 |  1.8
Fighting       | 3 |  3.3
Dodging        | |  1.7
Stealth        | |  1.2

Action                   |  1- 3 |  4- 6 || total
-------------------------+-------+-------++-------
 Fire: Hand crossbow     |   102 |   132 ||   234
 Abil: Dig               |     1 |     1 ||     2
       Shaft Self        |       |     1 ||     1
  Use: Scroll            |       |     3 ||     3
       Potion            |       |     2 ||     2
Armor: Leather armour    |    38 |    30 ||    68
Dodge: Dodged            |    56 |    44 ||   100

Table legend: (Time is in decaauts)
 A = Elapsed time spent in this place.
 B = Non-inter-level travel time spent in this place.
 C = Inter-level travel time spent in this place.
 D = Time resting spent in this place.
 E = Time spent auto-exploring this place.
 F = Levels seen in this place.
 G = Mean time per level.
                   A        B        C        D        E       F      G
               +--------+--------+--------+--------+--------+-----+--------+
         Total |   3931 |   3751 |    180 |   1123 |   2028 |   6 |  655.2 |
       Dungeon |   3931 |   3751 |    180 |   1123 |   2028 |   6 |  655.2 |
               +--------+--------+--------+--------+--------+-----+--------+

Top non-repeatable levels by time:
     D:1: 1824 daAuts
     D:2: 1290 daAuts
     D:3: 641 daAuts
     D:4: 153 daAuts
     D:5: 19 daAuts
     D:6: 2 daAuts
